 Dungeon Crawl Stone Soup version 0.31-a0-981-geadf994542 (webtiles) character file.

Game seed: 11043924442665798435

242 sokol815 the Poker (level 6, 0/70 HPs)
             Began as an Octopode Fighter on Nov 1, 2023.
             Slain by Robin
             ... wielding a +0 mace
              (4 damage)
             ... on level 4 of the Dungeon.
             The game lasted 00:05:12 (2929 turns).

sokol815 the Poker (Octopode Fighter)               Turns: 2929, Time: 00:05:12

Health: 0/70       AC: 23    Str: 15    XL:     6   Next: 9%
Magic:  6/6        EV:  2    Int: 11    God:
Gold:   133        SH:  4    Dex: 13    Spells: 5/5 levels left

rFire   . . .        a - +0 trident
rCold   + . .        b - +0 buckler
rNeg    + . .        (helmet currently unavailable)
rPois   +            (no amulet)
rElec   .            N - ring of positive energy {rN+}
rCorr   .            C - ring of protection from cold {rC+, !d}
SInv    .            (no ring)
Will    +....        (no ring)
Stlth   +            (no ring)
HPRegen 0.31/turn    (no ring)
MPRegen 0.10/turn    (no ring)
                     (no ring)

%: no passive effects
@: tree-form
A: stationary, stasis, torment immunity, boosted hp, almost no armour,
(amphibious), 8 rings, (camouflage 1), (gelatinous body 1), (nimble swimmer 1),
(tentacles), strong-willed 1, robust 1, evolution 1, inability to drink after
injury 1, MP-powered wands
a: no special abilities


You were on level 4 of the Dungeon.
You were a tree.
You visited 1 branch of the dungeon, and saw 4 of its levels.

You collected 133 gold pieces.

Inventory:

Hand Weapons
 a - a +0 trident (weapon)
 o - a +1 short sword of draining
   (You found it on level 2 of the Dungeon)
Missiles
 k - 5 poisoned darts
 s - 42 stones
Armour
 b - a +0 buckler (worn)
Magical Staves
 h - a staff of cold {rC+}
   (You found it on level 4 of the Dungeon)
Jewellery
 d - an amulet of faith
   (You found it on level 1 of the Dungeon)
 C - a ring of protection from cold (right branch) {rC+, !d}
   (You found it on level 3 of the Dungeon)
 N - a ring of positive energy (left branch) {rN+}
   (You found it on level 1 of the Dungeon)
Wands
 f - a wand of quicksilver (10)
   (You found it on level 3 of the Dungeon)
Scrolls
 e - a scroll of fog {unknown}
 g - a scroll of silence {unknown}
 i - 3 scrolls of immolation {unknown}
 j - a scroll of poison {!r}
 m - a scroll of enchant armour {unknown}
 r - a scroll of amnesia {unknown}
 t - a scroll of enchant weapon {unknown}
 D - 4 scrolls of blinking {!r}
 V - 2 scrolls of vulnerability {!r!r}
 Y - 2 scrolls of teleportation {@r3}
Potions
 c - a potion of cancellation
 n - 2 potions of enlightenment
 p - a potion of ambrosia {unknown}
 B - a potion of brilliance
 M - a potion of might
 U - a potion of mutation {!q}


   Skills:
 + Level 3.8 Fighting
 * Level 5.1 Polearms
 + Level 3.8 Dodging
 - Level 3.0 Shields


You had 5 spell levels left.
You didn't know any spells.
Your spell library was empty.

Dungeon Overview and Level Annotations

Branches:
Dungeon (4/15) Zot: 21046
 Temple: D:4-7

Altars:

Annotations:
D:4 Robin


Innate Abilities, Weirdness & Mutations

You are a tree.
Your roots penetrate the ground, keeping you stationary.
You cannot be teleported.
You are immune to unholy pain and torment.
Your maximum health is greatly increased.
You cannot wear most types of armour.
((You are amphibious.))
You can wear up to eight rings at the same time.
((Your skin changes colour to match your surroundings (Stealth+).))
((Your rubbery body absorbs attacks. (AC +1, EV +1)))
((You are camouflaged when in or above water. (Stealth+)))
((You have tentacles for arms and can constrict up to eight enemies at once.))
You are strong-willed. (Will+)
You are robust. (+10% HP)
You have hidden genetic potential.
You occasionally lose the ability to drink potions when taking damage.
You expend magic power (3 MP) to strengthen your wands.


Message History

You hit the goblin but do no damage. Your grab misses the goblin.
You tentacle-slap the goblin. You squeeze the goblin.
You kill the goblin!
The goblin barely misses you. The hobgoblin closely misses you.
The hobgoblin hits you! The goblin hits you with a +0 dagger.
* * * LOW HITPOINT WARNING * * *
You take 12 damage, and have 12/47 hp.
MASSIVE DAMAGE!!
The goblin closely misses you.
Things that are here:
a +0 dagger; a goblin corpse Robin throws the goblin at you!
The goblin barely misses you.
You closely miss the goblin. Your grab misses the goblin.
You block the goblin's attack. The hobgoblin closely misses you.
The hobgoblin barely misses you. The goblin hits you but does no damage.
The goblin closely misses you.
The hobgoblin attacks as it pursues you!
You block the hobgoblin's attack. The goblin completely misses you.
The goblin hits you with a +0 dagger.
* * * LOW HITPOINT WARNING * * *
You take 4 damage, and have 9/47 hp.
Robin throws the goblin at you!
You closely miss the goblin. You grab the goblin. You squeeze the goblin.
You kill the goblin!
The hobgoblin no longer looks unusually strong.
The hobgoblin closely misses you.
The hobgoblin no longer looks unusually strong.
The goblin no longer looks unusually strong.
Things that are here:
a +0 dagger; a goblin corpse You are too injured to fight recklessly!
You barely miss the hobgoblin. Your grab misses the hobgoblin.
The goblin no longer looks unusually strong. x2
The hobgoblin misses you.
You hit the hobgoblin.
You kill the hobgoblin!
Robin roars a battlecry!
The goblins go into a battle-frenzy!
You hit the goblin.
You kill the goblin!
The goblin no longer looks unusually strong.
Robin throws the goblin at you!
* * * LOW HITPOINT WARNING * * *
You take 3 damage, and have 8/47 hp.
Unknown command.
You closely miss the goblin. You grab the goblin. You squeeze the goblin.
You kill the goblin!
The hobgoblin no longer looks unusually strong.
Robin roars a battlecry!
The goblins go into a battle-frenzy!
The goblin hits you but does no damage.
You puncture the goblin!
You kill the goblin!
Robin throws the goblin at you!
* * * LOW HITPOINT WARNING * * *
The goblin closely misses you.
You miss the goblin. Your grab misses the goblin.
Your squeeze misses the goblin. The hobgoblin barely misses you.
The goblin hits you with a +0 club.
* * * LOW HITPOINT WARNING * * *
You take 6 damage, and have 2/47 hp.
You puncture the goblin!
You kill the goblin!
The hobgoblin closely misses you.
You turn into a tree.
Your roots penetrate the ground.
The hobgoblin hits you but does no damage.
You now have 4/70 hp.
You hit the hobgoblin. The hobgoblin barely misses you.
You hit the hobgoblin but do no damage.
The hobgoblin hits you but does no damage.
You puncture the hobgoblin!
You kill the hobgoblin!
You hit the goblin but do no damage. The goblin hits you but does no damage.
Robin says, "My army is invincible!"
You puncture the goblin!
You kill the goblin!
You hit the hobgoblin.
The hobgoblin hits you but does no damage.
You hit the hobgoblin but do no damage.
The hobgoblin hits you but does no damage.
You hit the hobgoblin but do no damage. The hobgoblin completely misses you.
You completely miss the hobgoblin. The hobgoblin hits you.
* * * LOW HITPOINT WARNING * * *
You take 2 damage, and have 5/70 hp.
You barely miss the hobgoblin.
The hobgoblin no longer looks unusually strong.
The hobgoblin hits you but does no damage.
You hit the hobgoblin.
The hobgoblin hits you but does no damage.
You hit the hobgoblin.
You kill the hobgoblin!
You closely miss Robin. Robin hits you but does no damage.
You closely miss Robin. Robin barely misses you.
You hit Robin. Robin hits you with a +0 mace.
* * * LOW HITPOINT WARNING * * *
You take 4 damage, and have 3/70 hp.
You hit Robin. Robin hits you but does no damage.
You barely miss Robin. Robin hits you with a +0 mace.
You die...
Robin says, "And that's why I'm the boss."

#...............#
####...............#
#...).###..........#
#.....# #..........#
#.....# #..........#
####.##
#..........## #.#
###.........# #g#
#....÷...!#
#♣######.........#
#)#...##.........#
#.#.#.##.........#
#.#.#.##.........#
#.#.#.##.........#
#.#.#.............
#.#.####.........#
###### #.#.#
########### #....#
#.#.#


You could see Robin.

Vanquished Creatures
  A phantom (D:4)
  A hound (D:3)
  An iguana (D:4)
  3 adders (D:2)
  2 dart slugs
  3 orcs (D:3)
  6 endoplasms
  5 giant cockroaches
  13 goblins
  11 hobgoblins
  7 kobolds
  2 quokkas
  3 ball pythons
  4 bats
  4 frilled lizards
  3 rats
69 creatures vanquished.

Notes
Turn   | Place    | Note
-------+----------+-------------------------------------------
     0 | D:1      | sokol815 the Octopode Fighter began the quest for the Orb.
     0 | D:1      | Reached XP level 1. HP: 16/16 MP: 1/1
   134 | D:1      | Reached XP level 2. HP: 20/21 MP: 2/2
   290 | D:1      | Reached skill level 3 in Polearms
   845 | D:2      | Reached XP level 3. HP: 23/26 MP: 3/3
  1207 | D:2      | Reached skill level 4 in Polearms
  1207 | D:2      | Reached XP level 4. HP: 27/31 MP: 4/4
  1776 | D:3      | Gained mutation: You do not regenerate when monsters are
                  | visible. [potion of mutation]
  1776 | D:3      | Gained mutation: You expend magic power (3 MP) to
                  | strengthen your wands. [potion of mutation]
  1776 | D:3      | Gained mutation: Your mind is acute. (Int +4, Str/Dex -1)
                  | [potion of mutation]
  1776 | D:3      | Gained mutation: You have hidden genetic potential. [potion
                  | of mutation]
  2163 | D:3      | Reached XP level 5. HP: 30/36 MP: 5/5
  2341 | D:3      | Lost mutation: Your mind is acute. (Int +4, Str/Dex -1)
                  | [potion of mutation]
  2341 | D:3      | Lost mutation: You do not regenerate when monsters are
                  | visible. [potion of mutation]
  2341 | D:3      | Gained mutation: You occasionally lose the ability to drink
                  | potions when taking damage. [potion of mutation]
  2341 | D:3      | Gained mutation: You are robust. (+10% HP) [potion of
                  | mutation]
  2513 | D:4      | Gained mutation: You are strong-willed. (Will+) [hidden
                  | potential]
  2575 | D:4      | Noticed Robin
  2720 | D:4      | Noticed a phantom
  2735 | D:4      | Killed a phantom
  2736 | D:4      | Reached skill level 5 in Polearms
  2736 | D:4      | Reached XP level 6. HP: 14/47 MP: 6/6
  2900 | D:4      | HP: 9/47 [goblin/+0 dagger[Robin] (4)]
  2907 | D:4      | HP: 8/47 [Robin/goblin (3)]
  2910 | D:4      | HP: 2/47 [goblin/+0 club[Robin] (6)]
  2921 | D:4      | HP: 5/70 [hobgoblin[Robin] (2)]
  2927 | D:4      | HP: 3/70 [Robin/+0 mace (4)]
  2929 | D:4      | Slain by Robin

Illustrated notes

Levels and vault maps discovered:
D:1:      psy_arrival_fountain, layout_loops_corners
D:2:      layout_loops_ring
D:3:      layout_loops_ring, serial_rivers, chequers_serial_rivers_micro_c,
          chequers_serial_rivers_micro_b, chequers_serial_rivers_micro_a,
          chequers_serial_rivers_room_a, chequers_serial_rivers_micro_a,
          chequers_serial_rivers_small_a, chequers_serial_rivers_small_b
D:4:      cheibrodos_barr_body, layout_basic, uniq_robin

Skill      XL: |  1  2  3  4  5 |
---------------+----------------+-----
Polearms       | 3 4 5 |  5.1
Fighting       | |  3.8
Dodging        | |  3.8
Shields        | |  3.0

Action                     |  1- 3 |  4- 6 || total
---------------------------+-------+-------++-------
  Melee: Trident           |    65 |   109 ||   174
         Tentacles         |     6 |    21 ||    27
         Constrict         |    13 |    14 ||    27
         Punch             |       |     1 ||     1
    Use: Scroll            |     1 |    10 ||    11
         Potion            |       |     3 ||     3
   Stab: Sleeping          |     6 |     4 ||    10
         Distracted        |     1 |       ||     1
 Armour: Skin              |    16 |    53 ||    69
  Dodge: Dodged            |    20 |    40 ||    60
  Block: Buckler           |     8 |    16 ||    24

Table legend: (Time is in decaauts)
 A = Elapsed time spent in this place.
 B = Non-inter-level travel time spent in this place.
 C = Inter-level travel time spent in this place.
 D = Time resting spent in this place.
 E = Time spent auto-exploring this place.
 F = Levels seen in this place.
 G = Mean time per level.
                   A        B        C        D        E       F      G
               +--------+--------+--------+--------+--------+-----+--------+
         Total |   2952 |   2859 |     93 |     27 |   2394 |   4 |  738.0 |
       Dungeon |   2952 |   2859 |     93 |     27 |   2394 |   4 |  738.0 |
               +--------+--------+--------+--------+--------+-----+--------+

Top non-repeatable levels by time:
     D:3: 864 daAuts
     D:1: 839 daAuts
     D:2: 743 daAuts
     D:4: 506 daAuts

Levels and vault maps discovered:
D:1:      psy_arrival_fountain, layout_loops_corners
D:2:      layout_loops_ring
D:3:      layout_loops_ring, serial_rivers, chequers_serial_rivers_micro_c,
          chequers_serial_rivers_micro_b, chequers_serial_rivers_micro_a,
          chequers_serial_rivers_room_a, chequers_serial_rivers_micro_a,
          chequers_serial_rivers_small_a, chequers_serial_rivers_small_b
D:4:      cheibrodos_barr_body, layout_basic, uniq_robin

Table legend: (Time is in decaauts)
 A = Elapsed time spent in this place.
 B = Non-inter-level travel time spent in this place.
 C = Inter-level travel time spent in this place.
 D = Time resting spent in this place.
 E = Time spent auto-exploring this place.
 F = Levels seen in this place.
 G = Mean time per level.
                   A        B        C        D        E       F      G
               +--------+--------+--------+--------+--------+-----+--------+
         Total |   2952 |   2859 |     93 |     27 |   2394 |   4 |  738.0 |
       Dungeon |   2952 |   2859 |     93 |     27 |   2394 |   4 |  738.0 |
               +--------+--------+--------+--------+--------+-----+--------+

Top non-repeatable levels by time:
     D:3: 864 daAuts
     D:1: 839 daAuts
     D:2: 743 daAuts
     D:4: 506 daAuts

Table legend:
 A = Kills in this place as a percentage of kills in the entire game.
 B = Kills by you in this place as a percentage of kills by you in the entire game.
 C = Kills by friends in this place as a percentage of kills by friends in the entire game.
 D = Other kills in this place as a percentage of other kills in the entire game.
 E = Experience gained in this place as a percentage of experience gained in the entire game.
 F = Experience gained in this place divided by the number of levels of this place that you have seen.
                   A       B       C       D       E      F
               +-------+-------+-------+-------+-------+----------------------
         Total | 100.0 | 100.0 |   N/A |   N/A | 100.0 |  86.8
       Dungeon | 100.0 | 100.0 |   N/A |   N/A | 100.0 |  86.8
               +-------+-------+-------+-------+-------+----------------------
